Map: Ice and Chrome LE

Players

LiquidClem (Clem) - Winner!

  • Race: Terran Terran
  • League: Master
  • Spawn Location: 1:00

GunGFuBanDa

  • Race: Protoss Protoss
  • League: Master
  • Spawn Location: 7:00

Event: DreamHack SC2 Masters 2020 Summer Europe

VOD

Have the link to the VOD?

Description

Time

  • Played on: July 5, 2020, 12:29 p.m.
  • Length: 13:06

All games in this series

Show
View Real Time Build Order
Export as new Build Order

LiquidClem Terran - Winner!

Build Orders: Reaper Expand 

Get SALT Encoding   

  12  0:00  SCV  
  13  0:12  SCV  
  14  0:17  Supply Depot  
  14  0:24  SCV  
  15  0:38  SCV  
  15  0:39  Barracks  
  16  0:42  Refinery  
  16  0:50  SCV  
  17  1:02  SCV  
  18  1:14  SCV  
  19  1:26  Reaper, Orbital Command  
  20  1:40  Command Center  
  20  1:48  Supply Depot  
  20  1:52  SCV  
  21  1:58  Marine  
  22  2:04  SCV  
  22  2:07  Factory  
  23  2:15  Bunker  
  23  2:17  SCV  
  23  2:20  Barracks Reactor  
  24  2:24  Refinery  
  24  2:29  SCV  
  25  2:41  SCV  
  28  2:51  Hellion  
  28  2:52  Orbital Command  
  28  2:54  Starport  
  28  2:56  SCV  
  29  2:59  Marine  
  29  3:01  Marine  
  31  3:08  SCV  
  32  3:12  Factory Tech Lab  
  32  3:17  Marine  
  32  3:18  SCV  
  32  3:19  Marine  
  35  3:21  SCV  
  35  3:25  Supply Depot  
  36  3:30  SCV  
  36  3:33  SCV  
  38  3:36  Raven  
  38  3:40  Factory Tech Lab  
  41  3:44  Barracks  
  41  3:46  SCV x2  
  41  3:47  Supply Depot  
  41  3:51  Barracks  
  41  3:58  SCV x2, Marine x2  
  45  4:04  Siege Tank  
  45  4:09  Supply Depot  
  48  4:10  SCV  
  48  4:11  SCV  
  48  4:16  Marine x2  
  52  4:20  Engineering Bay  
  52  4:22  SCV  
  53  4:24  SCV  
  52  4:34  Refinery, Marine x2  
  52  4:35  SCV  
  55  4:39  SCV  
  55  4:44  Factory Reactor  
  55  4:45  Stimpack  
  56  4:47  SCV  
  56  4:48  Supply Depot, Marauder x2  
  56  4:51  SCV  
  56  4:52  Marine  
  63  4:53  Marine  
  63  4:59  SCV, Terran Infantry Weapons Level 1  
  63  5:03  Refinery  
  63  5:05  SCV  
  64  5:07  Supply Depot  
  64  5:10  Marine x3  
  64  5:11  SCV  
  64  5:12  Combat Shield  
  68  5:17  Starport Reactor  
  68  5:18  Supply Depot  
  68  5:19  SCV  
  69  5:23  SCV  
  69  5:28  Marine  
  71  5:31  SCV, Marauder x2  
  71  5:33  Supply Depot  
  76  5:36  Marine  
  76  5:38  Widow Mine x2  
  80  5:43  SCV x2  
  80  5:47  Marine  
  80  5:48  Supply Depot  
  82  5:53  Marauder  
  82  5:54  Marauder  
  82  5:55  SCV, Marine  
  88  5:59  Medivac  
  88  6:00  Medivac  
  92  6:04  Marine  
  98  6:11  Widow Mine x2  
  98  6:13  Marine  
  98  6:14  Supply Depot, Marauder  
  100  6:21  Marauder  
  102  6:27  Supply Depot  
  102  6:28  Concussive Shells  
  102  6:33  Command Center  
  102  6:36  Widow Mine x2  
  102  6:38  Medivac x2  
  102  6:39  Marine x2  
  112  6:43  Marauder  
  114  6:50  Supply Depot  
  114  6:51  SCV x2  
  116  6:54  Marauder  
  116  7:01  Widow Mine x2, Marine x2  
  122  7:04  Terran Infantry Armor Level 1  
  122  7:05  Marauder  
  126  7:10  Supply Depot  
  121  7:16  Marine  
  121  7:21  Barracks  
  121  7:22  Marine x2  
  118  7:23  Barracks  
  118  7:26  Marauder  
  118  7:28  SCV x2  
  118  7:30  Medivac  
  118  7:34  Marine  
  107  7:40  SCV, Medivac, Widow Mine  
  107  7:43  Marine  
  108  7:44  SCV  
  108  7:47  Marauder  
  108  7:49  Orbital Command  
  110  7:51  Marine  
  110  7:55  SCV  
  112  8:01  SCV, Marauder, Widow Mine  
  116  8:06  Marine  
  116  8:09  Marauder, Marine  
  116  8:10  Barracks Reactor, Barracks Tech Lab  
  116  8:11  SCV  
  121  8:13  SCV  
  121  8:14  SCV  
  123  8:22  Viking  
  123  8:23  Supply Depot  
  123  8:24  Starport  
  123  8:25  Viking  
  123  8:26  SCV  
  123  8:27  SCV  
  129  8:29  Marine x2  
  129  8:32  SCV, Marauder  
  134  8:37  Armory  
  134  8:40  Armory  
  134  8:42  SCV, Engineering Bay  
  134  8:45  SCV x2  
  134  8:46  Ghost Academy  
  137  8:49  Marine x2  
  137  8:52  Viking  
  137  8:54  SCV  
  137  8:55  Viking  
  144  8:57  SCV  
  144  9:00  SCV  
  144  9:01  Refinery  
  146  9:03  Marauder x2, Refinery  
  146  9:04  Marine x2  
  146  9:08  SCV  
  146  9:09  SCV  
  154  9:11  Marine x2  
  154  9:14  Viking  
  158  9:18  Viking, Marauder  
  160  9:28  Viking  
  160  9:29  Command Center  
  160  9:30  Viking  
  162  9:34  Ghost x2  
  162  9:35  Marine  
  165  9:39  Terran Infantry Armor Level 2  
  165  9:42  Marine  
  165  9:47  Marine x3  
  165  9:52  Viking x2  
  165  9:58  Marine  
  164  10:00  Supply Depot  
  164  10:01  Marine  
  165  10:09  Ghost, Marine x2  
  165  10:15  Marauder  
  165  10:18  Marine  
  164  10:21  Viking x2  
  164  10:22  Marauder  
  164  10:24  Viking x2, Marine  
  171  10:32  Barracks x2  
  171  10:33  SCV  
  171  10:34  Barracks  
  172  10:37  Terran Infantry Weapons Level 2  
  172  10:39  Marine  
  172  10:40  Ghost, Marine  
  172  10:42  SCV x2  
  178  10:45  Marine x2  
  178  10:47  Marauder  
  184  10:57  Marauder, Marine  
  184  10:58  Marine  
  184  11:03  Planetary Fortress, Marine x2  
  188  11:06  Missile Turret  
  188  11:09  Missile Turret x2  
  188  11:12  Bunker  
  188  11:16  Marauder, Marine  
  188  11:17  Supply Depot  
  170  11:23  Marine x2  
  170  11:24  Barracks Reactor, Barracks Tech Lab x2  
  170  11:25  Marauder  
  172  11:31  Marine  
  172  11:32  Marauder, Liberator  
  178  11:37  Marauder  
  178  11:39  Medivac  
  182  11:40  Marine, Liberator  
  182  11:46  Marauder, Marine  
  191  11:47  Marauder  
  191  11:49  Ghost  
  193  11:55  Marine x2  
  193  12:00  Supply Depot  
  195  12:07  Refinery, Command Center  
  195  12:08  Fusion Core  
  195  12:22  Marauder  
  198  12:30  Marauder, Marine  
  193  12:38  Marauder  
  186  13:05  Command Center  
Show
View Real Time Build Order
Export as new Build Order

GunGFuBanDa Protoss 

Build Orders: 1 Gate Expand, Blink Stalkers 

Get SALT Encoding   

  12  0:00  Probe  
  13  0:12  Probe  
  14  0:17  Pylon  
  14  0:22  Probe  
  15  0:31  Probe  
  16  0:35  Gateway  
  16  0:39  Probe  
  16  0:45  Assimilator  
  17  0:51  Probe  
  18  1:03  Probe  
  19  1:15  Probe  
  20  1:22  Cybernetics Core  
  20  1:33  Nexus  
  20  1:35  Probe  
  21  1:43  Pylon  
  21  1:49  Assimilator  
  21  1:51  Probe  
  21  1:52  Adept  
  22  1:59  Warp Gate  
  22  2:04  Probe  
  25  2:12  Stalker  
  25  2:16  Probe  
  28  2:28  Probe  
  29  2:37  Twilight Council  
  29  2:40  Probe  
  29  2:41  Probe  
  30  2:49  Probe, Stalker  
  33  2:52  Probe  
  33  2:54  Blink  
  35  2:59  Probe  
  35  3:04  Probe  
  37  3:05  Gateway  
  37  3:10  Probe  
  38  3:16  Probe  
  38  3:18  Probe  
  39  3:26  Probe  
  40  3:27  Gateway  
  40  3:28  Probe  
  42  3:38  Probe  
  42  3:40  Probe  
  44  3:42  Robotics Facility  
  44  3:47  Pylon, Assimilator  
  44  3:53  Sentry  
  46  4:00  Pylon  
  46  4:05  Probe x2  
  46  4:09  Nexus  
  48  4:13  Stalker  
  50  4:17  Probe  
  50  4:21  Probe  
  52  4:29  Probe  
  53  4:32  Pylon  
  53  4:33  Probe  
  53  4:34  Stalker x2  
  53  4:36  Observer  
  59  4:42  Probe  
  59  4:43  Forge  
  59  4:45  Probe, Pylon  
  61  4:52  Charge  
  61  5:00  Stalker x3  
  61  5:03  Probe  
  61  5:04  Probe  
  61  5:07  Protoss Ground Weapons Level 1  
  69  5:15  Probe  
  69  5:16  Probe  
  71  5:23  Gateway  
  71  5:24  Probe  
  71  5:28  Probe, Gateway  
  73  5:32  Probe  
  74  5:36  Immortal, Observer  
  74  5:38  Robotics Bay  
  74  5:41  Pylon  
  74  5:44  Probe  
  79  5:52  Probe x2  
  79  5:54  Shield Battery  
  79  5:56  Pylon  
  81  6:00  Sentry, Zealot x2  
  81  6:03  Pylon  
  86  6:06  Probe x2  
  86  6:08  Probe, Colossus  
  86  6:16  Pylon  
  86  6:18  Probe x2  
  86  6:20  Probe  
  95  6:30  Probe x2  
  95  6:31  Zealot x3  
  104  6:32  Probe  
  104  6:36  Zealot x2  
  108  6:42  Probe  
  108  6:45  Probe  
  110  6:52  Zealot x3  
  116  6:54  Extended Thermal Lance  
  116  6:55  Gateway  
  116  6:56  Gateway, Colossus  
  114  7:06  Pylon  
  114  7:08  Pylon  
  116  7:18  Zealot x4  
  104  7:32  Observer  
  82  7:40  Zealot x3  
  82  7:41  Colossus  
  82  7:42  Stalker  
  84  7:49  Probe  
  84  7:50  Probe x2  
  93  7:53  Assimilator  
  93  7:56  Zealot x2  
  93  7:57  Assimilator  
  96  8:04  Probe  
  96  8:05  Probe  
  89  8:06  Probe  
  89  8:10  Zealot x4  
  89  8:11  Protoss Ground Weapons Level 2  
  89  8:12  Probe  
  94  8:13  Probe  
  94  8:18  Probe, Pylon  
  91  8:20  Probe  
  91  8:21  Probe  
  91  8:26  Photon Cannon  
  93  8:29  Probe  
  93  8:30  Probe  
  93  8:32  Sentry  
  93  8:33  Probe  
  94  8:37  Probe, Photon Cannon  
  94  8:38  Probe  
  94  8:44  Pylon  
  94  8:45  Probe  
  94  8:46  Probe x2, Sentry  
  101  8:57  Probe x3  
  101  8:59  Warp Prism  
  101  9:02  Stalker x4  
  114  9:03  Stalker  
  114  9:09  Probe x2  
  116  9:11  Sentry  
  116  9:15  Gateway  
  116  9:16  Probe  
  115  9:17  Gateway  
  111  9:35  Zealot x4, Disruptor  
  111  9:36  Observer  
  111  9:37  Photon Cannon  
  108  9:54  Zealot x2  
  108  9:58  Probe  
  108  9:59  Probe  
  114  10:04  Dark Shrine, Stalker x3  
  114  10:06  Probe x2  
  120  10:11  Probe, Observer  
  111  10:23  Probe  
  111  10:24  Probe  
  111  10:25  Protoss Ground Armor Level 1  
  109  10:29  Probe  
  109  10:34  Stalker x2, Zealot x2  
  109  10:35  Probe, Stalker x2  
  123  10:39  Disruptor  
  123  10:48  Zealot x2  
  128  11:02  Probe  
  128  11:03  Probe  
  128  11:04  Probe  
  130  11:19  Disruptor  
  129  11:31  Zealot x8  
  135  11:46  Nexus  
  135  11:48  Pylon, Disruptor  
  135  11:50  Probe x2  
  135  11:51  Probe  
  135  11:53  Pylon  
  138  11:59  Dark Templar x3  
  147  12:02  Probe  
  147  12:07  Pylon, Zealot, Dark Templar  
  147  12:08  Zealot x2  
  156  12:24  Disruptor  
  156  12:29  Probe x2  
  159  12:31  Photon Cannon  
  159  12:32  Shield Battery  
  139  12:44  Zealot x6  
  139  12:50  Dark Templar  
  143  12:56  Zealot  
Tags
 
Add a new tag
Caveats
  • Supply blocks, unpowered buildings, or Contaminate may cause inaccurate times.
  • Supply counts are checked every 10 seconds.